 Dungeon Crawl Stone Soup version 0.27.1-1-g398f81649c (webtiles) character file.

Game seed: 3956436730642875278

5 mainiacjoe the Caller (level 1, 0/14 HPs)
             Began as a Hill Orc Summoner on Sept 10, 2021.
             Slain by a jackal (3 damage)
             ... on level 1 of the Dungeon.
             The game lasted 00:01:02 (173 turns).

mainiacjoe the Caller (Hill Orc Summoner)            Turns: 173, Time: 00:01:03

Health: 0/14       AC:  2    Str: 10    XL:     1   Next: 80%
Magic:  1/3        EV: 12    Int: 15    God:
Gold:   0          SH:  0    Dex: 11    Spells: 2/3 levels left

rFire    . . .     SeeInvis .   b - +0 dagger
rCold    . . .     Faith    .   (no shield)
rNeg     . . .     Spirit   .   a - +0 robe
rPois    .         Reflect  .   (no helmet)
rElec    .         Harm     .   (no cloak)
rCorr    .         Rampage  .   (no gloves)
Will     .....                  (no boots)
Stlth    ++........             (no amulet)
HPRegen  0.04/turn              (no ring)
MPRegen  0.08/turn              (no ring)

@: no status effects
A: no striking features
a: no special abilities


You were on level 1 of the Dungeon.
You visited 1 branch of the dungeon, and saw 1 of its levels.

Inventory:

Hand Weapons
 b - a +0 dagger (weapon)
Armour
 a - a +0 robe (worn)


   Skills:
 - Level 1.5 Dodging
 - Level 1.5 Stealth
 - Level 1.5 Spellcasting
 + Level 4.3 Summonings


You had 2 spell levels left.
You knew the following spells:

 Your Spells              Type           Power      Damage    Failure   Level
a - Summon Small Mammal   Summ           56%        N/A       4%          1

Your spell library contained the following spells:

 Spells                   Type           Power      Damage    Failure   Level
 Call Imp                 Summ           14%        N/A       6%          2
 Call Canine Familiar     Summ           14%        N/A       12%         3
 Summon Guardian Golem    Hex/Summ       7%         N/A       28%         3
 Summon Lightning Spire   Summ/Air       7%         N/A       67%         4


Dungeon Overview and Level Annotations

Branches:
Dungeon (1/15)

Altars:


Message History

Confirm with . or Enter, or press ? or * to list all spells.
You miscast Summon Small Mammal.
You are very lightly contaminated with residual magic.
Nothing appears to happen.
The jackal barely misses you. The jackal closely misses you.
You swap places.
The jackal bites your rat.
Your rat dies!
Your rat's corpse disappears in a puff of smoke!
The jackal stops to sniff the ground.
The jackal barely misses you.
Casting: Summon Small Mammal (safe; 4% risk of failure)
Confirm with . or Enter, or press ? or * to list all spells.
The jackal bites you but does no damage.
Your magical contamination has completely faded away.
Your bat hits the jackal but does no damage.
You miss the jackal.
The jackal is heavily wounded.
The jackal barely misses you. The jackal bites you.
* * * LOW HITPOINT WARNING * * *
Your bat hits the jackal but does no damage.
You closely miss the jackal.
The jackal is heavily wounded.
Your bat closely misses the jackal.
The jackal completely misses you.
You barely miss the jackal.
The jackal is heavily wounded.
Your bat barely misses the jackal.
The jackal bites you but does no damage.
The jackal misses you.
You barely miss the jackal.
The jackal is heavily wounded.
Your bat hits the jackal but does no damage.
The jackal bites you but does no damage.
You hit the jackal.
The jackal is almost dead.
Your bat barely misses the jackal.
The jackal closely misses you.
Your bat hits the jackal but does no damage.
You hit the jackal but do no damage.
The jackal is almost dead.
Your bat misses the jackal. The jackal bites you.
You die...

#### .#.##..J#..
##...#......#.#.#
##...............#
#................ ## #
##............#.. #>..
#.................#...
##.###..........#...#
#........b.#...#..#
#.###..##†h@..##†##
#.#$#..##.##.##...##
#.###..#..##..†....##.####
#........##...............
####....###...###.#..#..##
##.#...#...+<'.##..# #
#.###.#..###### #.#
#####.###.#......# .#
#......†h†....# .


You could see a jackal (ally target) and a friendly bat (summoned).

Vanquished Creatures
  A frilled lizard (D:1)
1 creature vanquished.

Vanquished Creatures (collateral kills)
  A hobgoblin (D:1)
  A kobold (D:1)
  A quokka (D:1)
  2 frilled lizards (D:1)
  2 rats (D:1)
7 creatures vanquished.

Grand Total: 8 creatures vanquished

Notes
Turn   | Place    | Note
-------+----------+-------------------------------------------
     0 | D:1      | mainiacjoe the Hill Orc Summoner began the quest for the
                  | Orb.
     0 | D:1      | Reached XP level 1. HP: 14/14 MP: 3/3
   173 | D:1      | Slain by a jackal

Illustrated notes

Levels and vault maps discovered:
D:1:      dpeg_arrival_tiny_c, layout_rooms, st_stairs_11, item_on_display_a

Action                   || total
-------------------------++-------
Melee: Dagger            ||    16
       Unarmed           ||     2
 Cast: Summon Small Mamm ||    12
Armor: Robe              ||     6
Dodge: Dodged            ||    11
